PL
PANAMA CITY PIRANHAS @ RICHARDSON CITY THUNDERCATS
04/15/2025
 
TOP OF THE 1ST
Panama City Piranhas batting - Pitching for Richardson City Thundercats : RHP Josef van der Poel
Pitching: RHP Josef van der Poel
Batting: LHB Floyd Long 0-0: Foul Ball, location: 2F
0-1: Swinging Strike
0-2: Ball
1-2: Ball
2-2: Ball
3-2: Base on Balls
Batting: LHB Sergio Muñóz 0-0: Called Strike
0-1: Ball
1-1: Ball
2-1: SINGLE (Groundball, 6MD)
Floyd Long to second
Batting: LHB Steve Cunningham 0-0: Foul Ball, location: 2F
0-1: Ball
1-1: Ball
2-1: Grounds into double play, 4-6-3 (Groundball, 4)
Floyd Long to third
Batting: SHB Marc Talamante 0-0: Ball
1-0: Ball
2-0: Called Strike
2-1: Foul Ball, location: 2F
2-2: Foul Ball, location: 2F
2-2: Foul Ball, location: 2F
2-2: Strikes out swinging
Top of the 1st over - 0 run(s), 1 hit(s), 0 error(s), 1 left on base; Panama City 0 - Richardson City 0
BOTTOM OF THE 1ST
Richardson City Thundercats batting - Pitching for Panama City Piranhas : RHP Francisco Barrios
Pitching: RHP Francisco Barrios
Batting: SHB Mitch Qualtrough 0-0: Called Strike
0-1: Ball
1-1: Ball
2-1: SINGLE (Groundball, 6MD)
Batting: RHB Joey Jones 0-0: Fly out, F5 (Popup, 56)
Batting: LHB Terrence Eler 0-0: Ball
1-0: Ball
2-0: Called Strike
2-1: Ball
Mitch Qualtrough steals 2nd base
3-1: SINGLE (Line Drive, 89S)
Mitch Qualtrough to third
Runner from 3rd tries for Home, SAFE, no throw
Batting: SHB Seishiro Nishimura 0-0: Fly out, F8 (Flyball, 8LM)
Batting: RHB Juan Cabrera 0-0: Called Strike
0-1: Ball
1-1: Reached on error, E6 (Groundball, 56)
Terrence Eler to third
Batting: LHB Fernando Ramírez 0-0: Ball
1-0: Ground out U3 (Groundball, 3)
Bottom of the 1st over - 1 run(s), 2 hit(s), 1 error(s), 2 left on base; Panama City 0 - Richardson City 1
TOP OF THE 2ND
Panama City Piranhas batting - Pitching for Richardson City Thundercats : RHP Josef van der Poel
Batting: RHB Brad Perry 0-0: Swinging Strike
0-1: Ball
1-1: Ball
2-1: Foul Ball, location: 2F
2-2: Strikes out swinging
Batting: LHB Ye Der 0-0: Ground out 4-3 (Groundball, 4)
Batting: LHB Herman Hayes 0-0: Swinging Strike
0-1: Swinging Strike
0-2: Strikes out swinging
Top of the 2nd over - 0 run(s), 0 hit(s), 0 error(s), 0 left on base; Panama City 0 - Richardson City 1
BOTTOM OF THE 2ND
Richardson City Thundercats batting - Pitching for Panama City Piranhas : RHP Francisco Barrios
Batting: RHB Nate Cates 0-0: Ball
1-0: Fly out, F8 (Line Drive, 8LD)
Batting: LHB Eduardo Álvarez 0-0: Ball
1-0: Swinging Strike
1-1: Ball
2-1: Foul Ball, location: 2F
2-2: SINGLE (Groundball, 34D)
Batting: RHB Chriss Mann 0-0: Called Strike
Eduardo Álvarez is caught stealing 2nd base
0-1: Foul Ball, location: 2F
0-2: Ball
1-2: Foul Ball, location: 2F
1-2: Strikes out looking
Bottom of the 2nd over - 0 run(s), 1 hit(s), 0 error(s), 0 left on base; Panama City 0 - Richardson City 1
TOP OF THE 3RD
Panama City Piranhas batting - Pitching for Richardson City Thundercats : RHP Josef van der Poel
Batting: RHB Armando Alvarado 0-0: Ball
1-0: Foul Ball, location: 2F
1-1: Ball
2-1: Swinging Strike
2-2: Foul Ball, location: 2F
2-2: Ball
3-2: Fly out, F8 (Flyball, 8RS)
Batting: RHB William Hull 0-0: Foul Ball, location: 2F
0-1: Ball
1-1: Ball
2-1: Ball
3-1: Base on Balls
Batting: LHB Floyd Long 0-0: Ball
1-0: Ball
2-0: Called Strike
2-1: Ball
3-1: DOUBLE (Flyball, 9LM)
William Hull to third
Runner from 3rd tries for Home, SAFE, no throw
Batting: LHB Sergio Muñóz 0-0: Ball
1-0: Foul Ball, location: 2F
1-1: Foul Ball, location: 2F
1-2: Ball
2-2: Strikes out swinging
Batting: LHB Steve Cunningham 0-0: Called Strike
0-1: Foul Ball, location: 2F
0-2: Fly out, F7 (Flyball, 7D)
Top of the 3rd over - 1 run(s), 1 hit(s), 0 error(s), 1 left on base; Panama City 1 - Richardson City 1
BOTTOM OF THE 3RD
Richardson City Thundercats batting - Pitching for Panama City Piranhas : RHP Francisco Barrios
Batting: SHB Mitch Qualtrough 0-0: Swinging Strike
0-1: Called Strike
0-2: Foul Ball, location: 2F
0-2: Foul Ball, location: 2F
0-2: Foul Ball, location: 2F
0-2: Ball
1-2: Ball
2-2: Ball
3-2: Strikes out looking
Batting: RHB Joey Jones 0-0: Foul Ball, location: 2F
0-1: Foul Ball, location: 2F
0-2: Foul Ball, location: 2F
0-2: Foul Ball, location: 2F
0-2: Ball
1-2: Foul Ball, location: 2F
1-2: SINGLE (Line Drive, 34D)
Batting: LHB Terrence Eler 0-0: Called Strike
0-1: SINGLE (Flyball, 78S)
Joey Jones to second
Batting: SHB Seishiro Nishimura 0-0: Ball
1-0: SINGLE (Groundball, 4D)
Joey Jones to third
Terrence Eler to second
Batting: RHB Juan Cabrera 0-0: Ball
1-0: Called Strike
1-1: Swinging Strike
1-2: Ball
2-2: Strikes out swinging
Batting: LHB Fernando Ramírez 0-0: Foul Ball, location: 2F
0-1: Called Strike
0-2: Foul Ball, location: 2F
0-2: Ball
1-2: Ball
2-2: Strikes out swinging
Bottom of the 3rd over - 0 run(s), 3 hit(s), 0 error(s), 3 left on base; Panama City 1 - Richardson City 1
TOP OF THE 4TH
Panama City Piranhas batting - Pitching for Richardson City Thundercats : RHP Josef van der Poel
Batting: SHB Marc Talamante 0-0: Ball
1-0: SINGLE (Groundball, 3D)
Batting: RHB Brad Perry 0-0: Called Strike
0-1: Ball
1-1: Called Strike
1-2: Ball
2-2: Ball
3-2: Foul Ball, location: 2F
3-2: Ground out 4-3 (Groundball, 6MD)
Marc Talamante to second
Batting: LHB Ye Der 0-0: Ball
1-0: SINGLE (Groundball, 34S) (infield hit)
Marc Talamante to third
Batting: LHB Herman Hayes 0-0: SINGLE (Line Drive, 9S)
Marc Talamante scores
Ye Der to second
Batting: RHB Armando Alvarado 0-0: Called Strike
0-1: Foul Ball, location: 2F
0-2: Ground out 6-3 (Groundball, 6S)
Ye Der to third
Herman Hayes to second
Pitching: RHP Ryan Bentley
Batting: RHB William Hull 0-0: Ball
1-0: Ball
2-0: Swinging Strike
2-1: Ball
3-1: Base on Balls
Batting: LHB Floyd Long 0-0: Ball
1-0: Ball
2-0: Foul Ball, location: 2F
2-1: Fly out, F9 (Flyball, 9)
Top of the 4th over - 1 run(s), 3 hit(s), 0 error(s), 3 left on base; Panama City 2 - Richardson City 1
BOTTOM OF THE 4TH
Richardson City Thundercats batting - Pitching for Panama City Piranhas : RHP Francisco Barrios
Batting: RHB Nate Cates 0-0: Ball
1-0: Called Strike
1-1: Ball
2-1: Foul Ball, location: 2F
2-2: Foul Ball, location: 2F
2-2: Ball
3-2: SINGLE (Line Drive, 6MD)
Batting: LHB Eduardo Álvarez 0-0: Ball
1-0: Foul Ball, location: 2F
1-1: Foul Ball, location: 2F
1-2: Foul Ball, location: 2F
1-2: Ground out U3 (Groundball, 34)
Nate Cates to second
Batting: RHB Chriss Mann 0-0: Ball
Wild Pitch!
Nate Cates to third
1-0: Ball
2-0: Swinging Strike
2-1: Foul Ball, location: 2F
2-2: Ground out U3 (Groundball, 3)
Batting: SHB Mitch Qualtrough 0-0: Ball
1-0: Called Strike
1-1: Called Strike
1-2: Fly out, F8 (Line Drive, 78M)
Bottom of the 4th over - 0 run(s), 1 hit(s), 0 error(s), 1 left on base; Panama City 2 - Richardson City 1
TOP OF THE 5TH
Panama City Piranhas batting - Pitching for Richardson City Thundercats : RHP Ryan Bentley
Batting: LHB Sergio Muñóz 0-0: Called Strike
0-1: Ball
1-1: Foul Ball, location: 2F
1-2: Ball
2-2: Ground out 4-3 (Groundball, 34D)
Pitching: RHP John Hicks
Batting: LHB Steve Cunningham 0-0: Called Strike
0-1: Foul Ball, location: 2F
0-2: Ball
1-2: Foul Ball, location: 2F
1-2: Foul Ball, location: 2F
1-2: Strikes out looking
Batting: SHB Marc Talamante 0-0: Ball
1-0: Foul Ball, location: 2F
1-1: Called Strike
1-2: Ball
2-2: Ball
3-2: Base on Balls
Batting: RHB Brad Perry 0-0: Called Strike
0-1: Ball
1-1: Called Strike
1-2: Strikes out swinging
Top of the 5th over - 0 run(s), 0 hit(s), 0 error(s), 1 left on base; Panama City 2 - Richardson City 1
BOTTOM OF THE 5TH
Richardson City Thundercats batting - Pitching for Panama City Piranhas : RHP Francisco Barrios
Pitching: LHP Albert Lucas
Batting: RHB Joey Jones 0-0: DOUBLE (Flyball, 89D)
Batting: LHB Terrence Eler 0-0: Ball
1-0: Called Strike
1-1: Ball
2-1: Fly out, F7 (Flyball, 7)
Batting: SHB Seishiro Nishimura 0-0: SINGLE (Groundball, 6MD)
Joey Jones to third
Runner from 3rd tries for Home, SAFE, throw made home
Batting: RHB Juan Cabrera 0-0: Swinging Strike
0-1: Swinging Strike
0-2: Strikes out looking
Batting: LHB Fernando Ramírez 0-0: Ball
1-0: Called Strike
1-1: Swinging Strike
1-2: Ball
2-2: Ball
3-2: Base on Balls
Seishiro Nishimura to second
Batting: RHB Nate Cates 0-0: Ball
1-0: Ball
2-0: Called Strike
2-1: Swinging Strike
2-2: Fielders Choice at 2nd, 5-4 (Groundball, 5)
Bottom of the 5th over - 1 run(s), 2 hit(s), 0 error(s), 1 left on base; Panama City 2 - Richardson City 2
TOP OF THE 6TH
Panama City Piranhas batting - Pitching for Richardson City Thundercats : RHP John Hicks
Batting: LHB Ye Der 0-0: Ball
1-0: SINGLE (Groundball, 4MD)
Batting: LHB Herman Hayes 0-0: Called Strike
0-1: Ball
1-1: Foul Ball, location: 2F
1-2: Ball
2-2: Strikes out swinging
Pitching: RHP Gabriel Rodríguez
Batting: RHB Armando Alvarado 0-0: Ball
1-0: Called Strike
1-1: Foul Ball, location: 2F
1-2: Ball
2-2: Ball
3-2: Base on Balls
Ye Der to second
Batting: RHB William Hull 0-0: Fly out, F7 (Flyball, 7)
Batting: RHB Jeff Bass 0-0: Ball
1-0: Foul Ball, location: 2F
1-1: Foul Ball, location: 2F
1-2: Strikes out looking
Top of the 6th over - 0 run(s), 1 hit(s), 0 error(s), 2 left on base; Panama City 2 - Richardson City 2
BOTTOM OF THE 6TH
Richardson City Thundercats batting - Pitching for Panama City Piranhas : LHP Albert Lucas
Batting: LHB Eduardo Álvarez 0-0: Reached on error, E7 (Line Drive, 78M)
Batting: RHB Chriss Mann 0-0: Ball
1-0: Fly out, F7 (Flyball, 78M)
Pinch Hitting: RHB Yong-oon Yi 0-0: Fly out, F2 (Popup, 3S)
Batting: RHB Joey Jones 0-0: Ball
1-0: Ball
2-0: Ball
3-0: Called Strike
3-1: Base on Balls
Batting: LHB Terrence Eler 0-0: Fielders Choice at 2nd, 4-6 (Groundball, 4)
Bottom of the 6th over - 0 run(s), 0 hit(s), 1 error(s), 1 left on base; Panama City 2 - Richardson City 2
TOP OF THE 7TH
Panama City Piranhas batting - Pitching for Richardson City Thundercats : RHP Gabriel Rodríguez
Now at SS: Alden Wiley
Pinch Hitting: LHB Francisco Sánchez 0-0: Called Strike
0-1: Foul Ball, location: 2F
0-2: Ball
1-2: Foul Ball, location: 2F
1-2: Strikes out looking
Batting: LHB Steve Cunningham 0-0: Called Strike
0-1: Swinging Strike
0-2: Ball
1-2: Foul Ball, location: 2F
1-2: Ball
2-2: Strikes out swinging
Pinch Hitting: RHB Fernando Silva 0-0: Swinging Strike
0-1: Ball
1-1: Ground out 6-3 (Groundball, 56)
Top of the 7th over - 0 run(s), 0 hit(s), 0 error(s), 0 left on base; Panama City 2 - Richardson City 2
BOTTOM OF THE 7TH
Richardson City Thundercats batting - Pitching for Panama City Piranhas : LHP Albert Lucas
Now in LF: Francisco Sánchez
Now in CF: Fernando Silva
Batting: SHB Seishiro Nishimura 0-0: Ball
1-0: Foul Ball, location: 2F
1-1: Ball
2-1: Foul Ball, location: 2F
2-2: Foul Ball, location: 2F
2-2: Ground out 1-3 (Groundball, P)
Batting: RHB Juan Cabrera 0-0: Fly out, F2 (Popup, 3S)
Batting: LHB Fernando Ramírez 0-0: Ball
1-0: Called Strike
1-1: Ball
2-1: Ball
3-1: Foul Ball, location: 2F
3-2: Fly out, F8 (Flyball, 8LXD)
Bottom of the 7th over - 0 run(s), 0 hit(s), 0 error(s), 0 left on base; Panama City 2 - Richardson City 2
TOP OF THE 8TH
Panama City Piranhas batting - Pitching for Richardson City Thundercats : RHP Gabriel Rodríguez
Pinch Hitting: LHB Robert Adams 0-0: Called Strike
0-1: Foul Ball, location: 2F
0-2: Strikes out looking
Pinch Hitting: RHB Tim Barnes 0-0: Ball
1-0: Ball
2-0: Foul Ball, location: 2F
2-1: Ball
3-1: Base on Balls
Pinch Hitting: RHB David Sánchez 0-0: DOUBLE (Flyball, 78D)
Tim Barnes to third
Pinch Hitting: RHB Roy Childress 0-0: Foul Ball, location: 2F
0-1: Ball
1-1: Ball
2-1: Ball
3-1: Called Strike
3-2: DOUBLE (Flyball, 9LM)
Tim Barnes scores
David Sánchez scores
Pitching: RHP Emílio Zaragoza
Pinch Hitting: RHB Lane Hancock 0-0: Called Strike
0-1: Ball
1-1: Foul Ball, location: 2F
1-2: Ball
2-2: Ball
3-2: Fly out, F7 (Flyball, 7LS)
Batting: RHB Jeff Bass 0-0: Fly out, F7 (Flyball, 7)
Top of the 8th over - 2 run(s), 2 hit(s), 0 error(s), 1 left on base; Panama City 4 - Richardson City 2
BOTTOM OF THE 8TH
Richardson City Thundercats batting - Pitching for Panama City Piranhas : LHP Albert Lucas
Now at 1B: Lane Hancock
Now at 2B: Tim Barnes
Now at 3B: David Sánchez
Now at SS: Guillermo Montoya
Now in RF: Roy Childress
Batting: RHB Nate Cates 0-0: Ball
1-0: Foul Ball, location: 2F
1-1: Fly out, F7 (Flyball, 78S)
Batting: LHB Eduardo Álvarez 0-0: Foul Ball, location: 2F
0-1: Swinging Strike
0-2: Ball
1-2: Strikes out looking
Batting: RHB Chriss Mann 0-0: Ball
1-0: Foul Ball, location: 2F
1-1: Fly out, F7 (Line Drive, 78M)
Bottom of the 8th over - 0 run(s), 0 hit(s), 0 error(s), 0 left on base; Panama City 4 - Richardson City 2
TOP OF THE 9TH
Panama City Piranhas batting - Pitching for Richardson City Thundercats : RHP Emílio Zaragoza
Pitching: LHP Armando Gonzáles
Batting: LHB Francisco Sánchez 0-0: Ground out 4-3 (Groundball, 4)
Pitching: LHP Javier Ramírez
Pinch Hitting: RHB José Correa 0-0: Called Strike
0-1: Called Strike
0-2: Ground out 1-3 (Groundball, 13)
Pitching: RHP Harry Mander
Batting: RHB Fernando Silva 0-0: Swinging Strike
0-1: Ball
1-1: Ball
2-1: Foul Ball, location: 2F
2-2: Fly out, F8 (Flyball, 8RD)
Top of the 9th over - 0 run(s), 0 hit(s), 0 error(s), 0 left on base; Panama City 4 - Richardson City 2
BOTTOM OF THE 9TH
Richardson City Thundercats batting - Pitching for Panama City Piranhas : LHP Albert Lucas
Pitching: RHP Juan Pérez
Now at C: Vern Ewing
Batting: RHB Alden Wiley 0-0: Ball
1-0: Called Strike
1-1: SINGLE (Flyball, 8LS)
Batting: RHB Joey Jones 0-0: Ball
1-0: Foul Ball, location: 2F
1-1: SINGLE (Groundball, 56D)
Alden Wiley to second
Batting: LHB Terrence Eler 0-0: Called Strike
0-1: DOUBLE (Line Drive, 9D)
Alden Wiley scores
Joey Jones to third
Runner from 3rd tries for Home, SAFE, throw made home
Pitching: RHP Richard Sykes
Batting: SHB Seishiro Nishimura 0-0: Foul Ball, location: 2F
0-1: Ball
1-1: Ball
2-1: Ball
3-1: Base on Balls
Batting: RHB Juan Cabrera 0-0: SINGLE (Groundball, 6D)
Terrence Eler to third
Seishiro Nishimura to second
Batting: LHB Fernando Ramírez 0-0: Called Strike
0-1: Ball
1-1: Grounds into double play, 1-2-3 (Groundball, 13S)
Seishiro Nishimura to third
Juan Cabrera to second
Batting: RHB Nate Cates 0-0: Foul Ball, location: 2F
0-1: Ball
1-1: Foul Ball, location: 2F
1-2: Strikes out swinging
Bottom of the 9th over - 2 run(s), 4 hit(s), 0 error(s), 2 left on base; Panama City 4 - Richardson City 4
TOP OF THE 10TH
Panama City Piranhas batting - Pitching for Richardson City Thundercats : RHP Harry Mander
Batting: RHB Guillermo Montoya 0-0: Foul Ball, location: 2F
0-1: Ball
1-1: Ball
2-1: Ground out 1-3 (Groundball, 15)
Batting: RHB Tim Barnes 0-0: Ball
1-0: Called Strike
1-1: Ball
2-1: Called Strike
2-2: Ball
3-2: Strikes out looking
Batting: RHB David Sánchez 0-0: Called Strike
0-1: Ball
1-1: Ball
2-1: Ball
3-1: Foul Ball, location: 2F
3-2: DOUBLE (Line Drive, 78D)
Batting: RHB Roy Childress 0-0: Fly out, F8 (Flyball, 8LD)
Top of the 10th over - 0 run(s), 1 hit(s), 0 error(s), 1 left on base; Panama City 4 - Richardson City 4
BOTTOM OF THE 10TH
Richardson City Thundercats batting - Pitching for Panama City Piranhas : RHP Richard Sykes
Batting: LHB Eduardo Álvarez 0-0: Ball
1-0: Fly out, F5 (Popup, 56S)
Batting: RHB Chriss Mann 0-0: Called Strike
0-1: Ground out 5-3 (Groundball, 56S)
Batting: RHB Alden Wiley 0-0: Ball
1-0: Called Strike
1-1: Ball
2-1: Ball
3-1: Called Strike
3-2: Ground out 5-3 (Groundball, 56)
Bottom of the 10th over - 0 run(s), 0 hit(s), 0 error(s), 0 left on base; Panama City 4 - Richardson City 4
TOP OF THE 11TH
Panama City Piranhas batting - Pitching for Richardson City Thundercats : RHP Harry Mander
Batting: RHB Lane Hancock 0-0: Called Strike
0-1: SOLO HOME RUN (Flyball, 78XD), Distance : 418 ft
Pitching: LHP Marcelino Freschi
Batting: RHB Jeff Bass 0-0: Ball
1-0: Foul Ball, location: 2F
1-1: SOLO HOME RUN (Flyball, 78XD), Distance : 437 ft
Pitching: LHP Roberto Aguirre
Batting: LHB Francisco Sánchez 0-0: Ball
1-0: Called Strike
1-1: Ground out 3-1 (Groundball, 34)
Pitching: RHP Ryan Davis
Batting: RHB Vern Ewing 0-0: Ball
1-0: Ground out 6-3 (Groundball, 6)
Pitching: RHP Edward Whipp
Batting: RHB Fernando Silva 0-0: Ball
1-0: SINGLE (Line Drive, 34D)
Pitching: RHP Juan Cruz
Batting: RHB Guillermo Montoya 0-0: Ball
1-0: Foul Ball, location: 2F
1-1: Called Strike
1-2: Ball
2-2: Strikes out swinging
Top of the 11th over - 2 run(s), 3 hit(s), 0 error(s), 1 left on base; Panama City 6 - Richardson City 4
BOTTOM OF THE 11TH
Richardson City Thundercats batting - Pitching for Panama City Piranhas : RHP Richard Sykes
Pitching: RHP Roberto Cabrera
Batting: RHB Joey Jones 0-0: Swinging Strike
0-1: Foul Ball, location: 2F
0-2: Ball
1-2: Fly out, F9 (Line Drive, 89M)
Batting: LHB Terrence Eler 0-0: Swinging Strike
0-1: Ball
1-1: Ball
2-1: SOLO HOME RUN (Flyball, 89XD), Distance : 437 ft
Batting: SHB Seishiro Nishimura 0-0: Ball
1-0: Foul Ball, location: 2F
1-1: Ball
2-1: Ball
3-1: Called Strike
3-2: Base on Balls
Batting: RHB Juan Cabrera 0-0: Ball
1-0: Fly out, F9 (Flyball, 9)
Batting: LHB Fernando Ramírez 0-0: Ball
1-0: Ball
2-0: Ball
3-0: Base on Balls
Seishiro Nishimura to second
Batting: RHB Nate Cates 0-0: Ball
1-0: Fly out, F8 (Flyball, 8RM)
Bottom of the 11th over - 1 run(s), 1 hit(s), 0 error(s), 2 left on base; Panama City 6 - Richardson City 5
Friday, December 30th, 2016 - OOTP Baseball 17.12 Build 75